 Dungeon Crawl Stone Soup version 0.30.1-9-gdf580d7c3d (webtiles) character file.

Game seed: 6628034069420028393

1203 ringo67 the Trooper (level 8, -1/61 HPs)
             Began as a Mummy Warper on Oct 2, 2023.
             Slain by a wight
             ... wielding a +1 scimitar of distortion
              (12 damage)
             ... on level 6 of the Dungeon.
             The game lasted 00:14:55 (6113 turns).

ringo67 the Trooper (Mummy Warper)                  Turns: 6113, Time: 00:14:55

Health: -1/61      AC: 16    Str: 16    XL:     8   Next: 21%
Magic:  12/12      EV:  5    Int: 12    God:
Gold:   210        SH:  6    Dex: 12    Spells: 6/12 levels left

rFire   x . .        o - +0 flail
rCold   + . .        a - +2 buckler
rNeg    + + +        t - +0 plate armour
rPois   ∞            n - +0 helmet
rElec   .            (no cloak)
rCorr   .            (no gloves)
SInv    .            (no boots)
Will    +....        (no amulet) Stlth
                     g - +4 ring of protection
HPRegen 0.30/turn    (no ring)
MPRegen 0.13/turn

%: faith
@: no status effects
A: cold resistance 1, negative energy resistance 3, torment resistance 2, heat
vulnerability 1, in touch with death 1, no potions, faith
a: no special abilities


You were on level 6 of the Dungeon.
You visited 1 branch of the dungeon, and saw 6 of its levels.

You collected 210 gold pieces.

Inventory:

Hand Weapons
 o - a +0 flail (weapon)
Missiles
 e - 8 poisoned darts (quivered)
 k - 6 boomerangs
Armour
 a - a +2 buckler (worn)
 n - a +0 helmet (worn)
 r - a +0 scale mail
 t - a +0 plate armour (worn)
Jewellery
 g - a +4 ring of protection (left hand)
 p - a +6 ring of dexterity
Wands
 z - a wand of polymorph (12)
Scrolls
 b - a scroll of teleportation {unknown}
 c - 3 scrolls of blinking
 f - 2 scrolls of poison {unknown}
 h - 2 scrolls of magic mapping {unknown}
 i - a scroll of enchant weapon {unknown}
 j - 8 scrolls of identify {unknown}
 l - a scroll of torment {unknown}
 m - 2 scrolls of amnesia {unknown}
 q - a scroll of brand weapon {unknown}
 s - a scroll of enchant armour {unknown}
 u - 2 scrolls of immolation {unknown}
 x - a scroll of fog {unknown}
 y - a scroll of vulnerability {unknown}
 A - a scroll of noise {unknown}
Miscellaneous
 v - a lightning rod (4/4)


   Skills:
 + Level 4.9 Fighting
 + Level 4.0 Maces & Flails
 - Level 0.7 Throwing
 + Level 3.7 Armour
 + Level 4.1 Dodging
 + Level 2.6 Shields
 - Level 2.6 Spellcasting
 - Level 2.4 Translocations


You had 6 spell levels left.
You knew the following spells:

 Your Spells              Type           Power      Damage    Failure   Level
a - Blink                 Tloc           14%        N/A       100%        2
b - Manifold Assault      Tloc           7%         N/A       100%        4

Your spell library contained the following spells:

 Spells                   Type           Power      Damage    Failure   Level
 Slow                     Hex            4%         N/A       100%        1
 Ensorcelled Hibernation  Hex/Ice        2%         N/A       100%        2
 Lesser Beckoning         Tloc           14%        N/A       100%        2
 Passwall                 Tmut/Erth      0%         N/A       100%        2
 Confusing Touch          Hex            1%         N/A       100%        3
 Dazzling Flash           Conj/Hex       2%         N/A       100%        3
 Swiftness                Air            1%         N/A       100%        3
 Teleport Other           Tloc           7%         N/A       100%        3
 Vampiric Draining        Necr           2%         2d6       100%        3
 Vhi's Electric Charge    Tloc/Air       8%         N/A       100%        3
 Agony                    Necr           2%         N/A       100%        5
 Silence                  Hex/Air        0%         N/A       100%        5


Dungeon Overview and Level Annotations

Branches:
Dungeon (6/15)
 Temple: D:4-7

Altars:
Nemelex Xobeh
Okawaru
Qazlal
Xom

Annotations:
D:4 4 runed translucent doors


Innate Abilities, Weirdness & Mutations

You are immune to poison.
Your flesh is cold resistant. (rC+)
You are immune to negative energy. (rN+++)
You are immune to unholy pain and torment.
You are vulnerable to heat. (rF-)
You are in touch with the powers of death.
You do not drink.
You have a special connection with the divine. (Faith)


Message History

You hit the wight.
The wight is heavily damaged.
The wight hits you with a +1 scimitar of distortion.
* * * LOW HITPOINT WARNING * * *
You hit the wight but do no damage.
The wight is heavily damaged.
The wight hits you but does no damage.
Throw: 2 javelins
Press: ? - help, Q - select action, (/) - cycle Shift-Dir - straight line, f/p - wight
Aim: a wight, wielding a +1 scimitar of distortion and wearing a +0 robe (heavily damaged, 59% to hit)
You throw a javelin. The javelin closely misses the wight.
The wight hits you but does no damage.
You blink.
You see here a +0 shortbow.
Items here: )) [[ ††.
Throw: javelin
Press: ? - help, Q - select action, (/) - cycle Shift-Dir - straight line, f/p - wight
Aim: a wight, wielding a +1 scimitar of distortion and wearing a +0 robe (heavily damaged, 59% to hit)
You throw a javelin. The javelin barely misses the wight.
Throw: 2 boomerangs (disperse)
Press: ? - help, Q - select action, (/) - cycle Shift-Dir - straight line, f/p - wight
Aim: a wight, wielding a +1 scimitar of distortion and wearing a +0 robe (heavily damaged, 59% to hit)
You throw a boomerang of dispersal.
The boomerang of dispersal barely misses the wight.
The wight attacks as you move away! The wight barely misses you.
The wight attacks as you move away! The wight barely misses you.
The wight attacks as you move away!
The wight hits you with a +1 scimitar of distortion!
Space warps around you.
* * * LOW HITPOINT WARNING * * *
Throw: boomerang (disperse)
Press: ? - help, Q - select action, (/) - cycle Shift-Dir - straight line, f/p - wight
Aim: a wight, wielding a +1 scimitar of distortion and wearing a +0 robe (heavily damaged, 59% to hit)
You throw a boomerang of dispersal.
The boomerang of dispersal hits the wight and shatters, but does no damage.
The wight is heavily damaged.
The wight hits you but does no damage. Space warps around you.
* * * LOW HITPOINT WARNING * * *
The wight attacks as you move away!
The wight hits you with a +1 scimitar of distortion!
You die...

..........# #..# #........#
......#...# ##.## #.......###
####.#.....### #..#####..........
##...........####.##...........##
#..#...♣...#.........###.......#
......♣.♣....###...............#
#....♣.♣.♣...# #...######.......#
#...♣.♣.♣.♣..###.#..### ##....#..
##.♣.♣._.♣.♣...#@##...# ##...###
#...♣.♣.♣.♣....z......# ##...
.(...♣.♣.♣...########## ....
##....♣.♣....# ... ##.#...♣...#.#
.. ##...z.......# ##############
###########
)..z......#######################


You could see a wight.

Vanquished Creatures
  A sky beast (D:4)
  An orc warrior (D:4)
  A centaur (D:6)
  5 scorpions
  A howler monkey (D:4)
  2 orc priests
  3 hounds
  2 jellies (D:4)
  A sleepcap (D:4)
  2 iguanas
  3 orc wizards
  Robin (D:3)
  8 adders
  2 white imps (D:5)
  An ufetubus (D:5)
  A worm (D:2)
  3 dart slugs
  21 orcs
  9 ball pythons
  5 bats
  12 endoplasms
  5 giant cockroaches
  12 goblins
  7 hobgoblins
  2 jackals (D:1)
  3 quokkas
  3 frilled lizards
  6 kobolds
  10 rats
133 creatures vanquished.

Notes
Turn   | Place    | Note
-------+----------+-------------------------------------------
     0 | D:1      | ringo67 the Mummy Warper began the quest for the Orb.
     0 | D:1      | Reached XP level 1. HP: 16/16 MP: 4/4
   156 | D:1      | Reached skill level 1 in Armour
   206 | D:1      | Reached XP level 2. HP: 22/22 MP: 5/5
   602 | D:1      | Gained mutation: You are in touch with the powers of death.
                  | [Mummy growth]
   602 | D:1      | Reached XP level 3. HP: 25/28 MP: 7/7
  1365 | D:2      | Reached XP level 4. HP: 34/34 MP: 8/8
  1672 | D:3      | Noticed Robin
  2205 | D:3      | Killed Robin
  2741 | D:4      | Reached XP level 5. HP: 31/41 MP: 9/9
  3765 | D:4      | Reached XP level 6. HP: 47/47 MP: 10/10
  3766 | D:4      | Found a large runed translucent door.
  3766 | D:4      | Found a large runed translucent door.
  3771 | D:4      | Noticed a sky beast
  3871 | D:4      | Noticed an orc warrior
  3893 | D:4      | Killed an orc warrior
  3914 | D:4      | Reached skill level 1 in Shields
  4193 | D:4      | Found a large runed translucent door.
  4193 | D:4      | Found a large runed translucent door.
  4232 | D:4      | Learned a level 2 spell: Blink
  4237 | D:4      | Learned a level 4 spell: Manifold Assault
  4268 | D:4      | Found a sparkling altar of Nemelex Xobeh.
  4745 | D:5      | Entered Level 5 of the Dungeon
  4751 | D:5      | Reached XP level 7. HP: 52/54 MP: 11/11
  5167 | D:5      | Found a shimmering altar of Xom.
  5188 | D:5      | Found a stormy altar of Qazlal.
  5788 | D:6      | Reached XP level 8. HP: 52/61 MP: 12/12
  5946 | D:6      | Found an iron altar of Okawaru.
  6113 | D:6      | Slain by a wight

Illustrated notes

Levels and vault maps discovered:
D:1:      co_arrival_square_in_a_square_in_a_square, layout_loops_ring
D:2:      layout_basic, minmay_misc_feat_hallway, minivault_4
D:3:      layout_rooms, uniq_robin
D:4:      layout_rooms, nemelex_diamond_rough_becter,
          minmay_hollow_rounded_squares
D:5:      layout_rooms, nicolae_qazlal_beasts_of_the_sky, lemuel_crystal_altar,
          chequers_serial_rivers_large_b
D:6:      layout_rooms, zin_statuary, okawaru_trees_2, guppyfry_early_elven_hall

Skill      XL: |  1  2  3  4  5  6  7  8 |
---------------+-------------------------+-----
Armour         | 1 2 3 |  3.7
Maces & Flails | 2 3 4 |  4.0
Dodging        | 2 3 4 |  4.1
Fighting       | 3 4 |  4.9
Shields        | 1 2 |  2.6
Throwing       | |  0.7
Spellcasting   | |  2.6
Translocations | |  2.4

Action                     |  1- 3 |  4- 6 |  7- 9 || total
---------------------------+-------+-------+-------++-------
  Melee: Mace              |   167 |    79 |       ||   246
         Flail             |       |   169 |   201 ||   370
         Punch             |       |     1 |       ||     1
  Throw: Boomerang         |       |     5 |     2 ||     7
         Dart              |       |    12 |     7 ||    19
         Javelin           |       |       |     4 ||     4
   Stab: Sleeping          |     1 |       |       ||     1
 Armour: Leather armour    |    73 |    54 |       ||   127
         Ring mail         |       |    22 |       ||    22
         Scale mail        |       |    14 |       ||    14
         Plate armour      |       |    41 |   168 ||   209
  Dodge: Dodged            |   119 |   163 |    49 ||   331
  Block: Buckler           |       |    34 |    66 ||   100
